 Dungeon Crawl Stone Soup version 0.20.1-1-g8b1a95d (webtiles) character file.

32 Lanoc the Stinger (level 3, -1/24 HPs)
             Began as a Demonspawn Venom Mage on Nov 24, 2017.
             Slain by Terence
             ... wielding a +2 hand axe of flaming
              (7 damage)
             ... on level 2 of the Dungeon.
             The game lasted 00:09:17 (1076 turns).

Lanoc the Stinger (Demonspawn Venom Mage)           Turns: 1076, Time: 00:09:18

Health: -1/24      AC:  2    Str:  8    XL:     3   Next: 8%
Magic:  3/6        EV: 12    Int: 22    God:
Gold:   22         SH:  0    Dex: 13    Spells: 5/6 levels left

rFire    . . .     SeeInvis .   h - +0 short sword
rCold    . . .     Gourm    .   (no shield)
rNeg     . . .     Faith    .   a - +0 robe
rPois    .         Spirit   .   (helmet restricted)
rElec    .         Reflect  .   (no cloak)
rCorr    .         Harm     .   (no gloves)
MR       .....                  (no boots)
Stlth    ++........             (no amulet)
Regen    0.1/turn               (no ring)
MPRegen  0.1/turn               (no ring)

@: brilliant
A: antennae 1
a: no special abilities


You were on level 2 of the Dungeon.
You were hungry.

You visited 1 branch of the dungeon, and saw 2 of its levels.

You collected 22 gold pieces.

Inventory:

Hand Weapons
 h - a +0 short sword (weapon)
Armour
 a - a +0 robe (worn)
Scrolls
 e - a scroll of noise {unknown}
 g - a scroll of teleportation {unknown}
Potions
 f - a potion of degeneration {unknown}
Books
 b - a Young Poisoner's Handbook

   Spells                             Type                      Level
   a - Sting                          Conjuration/Poison           1
   b - Poisonous Vapours              Poison/Air                   2
   c - Mephitic Cloud                 Conjuration/Poison/Air       3
   d - Olgreb's Toxic Radiance        Poison                       4
   e - Venom Bolt                     Conjuration/Poison           5
Comestibles
 c - 2 bread rations
 i - 2 chunks of flesh


   Skills:
 + Level 0.2 Fighting
 + Level 1.9 Dodging
 + Level 2.2 Stealth
 + Level 2.2 Spellcasting
 + Level 1.1 Conjurations
 + Level 3.6 Poison Magic


You had 5 spell levels left.
You knew the following spells:

 Your Spells              Type           Power        Failure   Level  Hunger
a - Sting                 Conj/Pois      ####         1%          1    None


Dungeon Overview and Level Annotations

Branches:
Dungeon (2/15)

Altars:

Annotations:
D:2 Terence


Innate Abilities, Weirdness & Mutations

You have a pair of small antennae on your head.


Message History

There is a stone staircase leading up here.
Terence says, "How do you enjoy it?" Terence shouts, "Now you die!"
Your magical contamination has completely faded away.
Terence screams, "I want your blood!"
There is a stone staircase leading up here.
Casting: Sting
Confirm with . or Enter, or press ? or * to list all spells.
Aiming: Sting
Press: ? - help, Shift-Dir - straight line, f/p - Terence
Aim: Terence, wielding a hand axe of flaming and wearing a chain mail The sting hits Terence.
Terence appears unharmed.
Terence hits you with a hand axe of flaming!
Terence burns you.
* * * LOW HITPOINT WARNING * * *
You are feeling hungry.
It was a potion of brilliance.
You feel clever all of a sudden.
Terence hits you with a hand axe of flaming!
You die...

#.# #.# #.#
###.##############
.................#
..........######.#
..#.#####.# #.#
....# #.# #@#
..### #.#
#@####### ###
#.######.......#
#...<........#.#
############.#.#
#.#.### #.#.@.#
#.###.# #.# #@#
#.# #†#


You could see Terence.

Vanquished Creatures
  A dart slug (D:1)
  2 leopard geckos (D:1)
  2 giant cockroaches (D:1)
  5 goblins
  3 hobgoblins (D:1)
  2 jackals (D:2)
  3 kobolds (D:1)
  4 bats
  A frilled lizard (D:1)
  2 rats (D:1)
25 creatures vanquished.

Notes
Turn   | Place    | Note
-------+----------+-------------------------------------------
     0 | D:1      | Lanoc the Demonspawn Venom Mage began the quest for the Orb.
     0 | D:1      | Reached XP level 1. HP: 13/13 MP: 3/3
   256 | D:1      | Gained mutation: You have a pair of small antennae on your head. [demonic ancestry]
   256 | D:1      | Reached XP level 2. HP: 19/19 MP: 0/5
   888 | D:2      | Reached XP level 3. HP: 24/24 MP: 4/6
   915 | D:2      | Noticed Terence
  1076 | D:2      | Slain by Terence

Skill      XL: |  1 |
---------------+----+-----
Stealth        | 2 |  2.2
Fighting       | |  0.2
Dodging        | |  1.9
Spellcasting   | |  2.2
Conjurations   | |  1.1
Poison Magic   | |  3.6

Action                   || total
-------------------------++-------
Melee: Unarmed           ||    23
       Short sword       ||    14
 Cast: Sting             ||    64
  Use: Potion            ||     1
 Stab: Sleeping          ||     1
  Eat: Chunk             ||     1
Armor: Robe              ||    21
Dodge: Dodged            ||    59
